 Dungeon Crawl Stone Soup version 0.29.0-4-gdea44cf6ec (webtiles) character file.

Game seed: 4447606693167341400

85 qw the Caller (level 4, -1/36 HPs)
             Began as a Ghoul Summoner on Sept 10, 2022.
             Slain by an orc
             ... wielding a +0 club
              (5 damage)
             ... on level 3 of the Dungeon.
             The game lasted 00:01:13 (3157 turns).

qw the Caller (Ghoul Summoner)                      Turns: 3157, Time: 00:01:13

Health: -1/36      AC:  5    Str: 13    XL:     4   Next: 48%
Magic:  1/5        EV: 10    Int: 10    God:
Gold:   62         SH:  0    Dex:  9    Spells: 5/6 levels left

rFire   . . .      SeeInvis .   b - +0 hand axe
rCold   + . .      Faith    .   (no shield)
rNeg    + + +      Spirit   .   c - +0 ring mail
rPois   inf        Reflect  .   (no helmet)
rElec   .          Harm     .   (no cloak)
rCorr   .          Rampage  .   (no gloves)
Will    .....                   (no boots)
Stlth   +.........              (no amulet)
HPRegen 0.00/turn               (no ring)
MPRegen 0.09/turn               (no ring)

@: inhibited regen
A: claws 1, cold resistance 1, negative energy resistance 3, inhibited
regeneration, torment resistance 2, devour on kill
a: no special abilities


You were on level 3 of the Dungeon.
You visited 1 branch of the dungeon, and saw 3 of its levels.

You collected 62 gold pieces.


Innate Abilities, Weirdness & Mutations

You are immune to poison.
You have sharp fingernails.
Your flesh is cold resistant. (rC+)
You are immune to negative energy. (rN+++)
You do not regenerate when monsters are visible.
You are immune to unholy pain and torment.
You thrive by killing the living.


   Skills:
 - Level 2.0 Fighting
 + Level 3.0 Axes
 - Level 1.7 Dodging
 - Level 2.1 Stealth
 - Level 1.7 Spellcasting
 - Level 3.6 Summonings


You had 5 spell levels left.
You knew the following spells:

 Your Spells              Type           Power      Damage    Failure   Level
a - Summon Small Mammal   Summ           32%        N/A       16%         1

Your spell library contained the following spells:

 Spells                   Type           Power      Damage    Failure   Level
 Call Imp                 Summ           8%         N/A       24%         2
 Call Canine Familiar     Summ           8%         N/A       43%         3
 Summon Guardian Golem    Hex/Summ       4%         N/A       71%         3
 Summon Lightning Spire   Summ/Air       4%         N/A       98%         4

Inventory:

Hand Weapons
 b - a +0 hand axe (weapon)
Armour
 c - a +0 ring mail (worn)
Scrolls
 a - a scroll of summoning {unknown}
Potions
 d - a potion of curing {unknown}
 e - a potion of flight {unknown}
 h - a potion of mutation {unknown}

Dungeon Overview and Level Annotations

Branches:
Dungeon (3/15)

Altars:


Message History

The orc is almost dead.
You hit the orc but do no damage.
Your rat barely misses the orc.
The worm bites your rat!
Your rat dies!
Your rat's corpse disappears in a puff of smoke!
The orc barely misses you. The orc hits you but does no damage.
You hit the orc.
You kill the orc!
You hit the orc. The orc hits you with a +0 short sword.
You closely miss the orc.
The orc is severely wounded.
You hit the worm. The orc hits you but does no damage.
You closely miss the orc.
The orc is severely wounded.
You hit the worm. The orc barely misses you.
The worm bites you but does no damage.
The orc shouts!
You hit the orc.
You kill the orc!
You hit the worm. The worm bites you but does no damage.
You hit the worm but do no damage.
The worm is moderately wounded.
You hit the orc but do no damage. The orc barely misses you.
The orc closely misses you.
You hit the worm but do no damage.
The worm is moderately wounded.
You hit the orc. The worm bites you. The orc barely misses you.
You hit the orc.
The orc is heavily wounded.
You hit the worm. You hit the orc but do no damage.
The orc closely misses you. x2; The worm misses you.
You hit the orc.
You kill the orc!
You hit the worm. You hit the orc but do no damage.
The orc hits you with a +0 club.
You die...

## ####.###### .
#.....#...# . #.....#.#
#. #...#)..#
#.#####.##.## #
...#...##.#
####.###.#.####.########
............###)........
#....##@................
#.$)wo.......########
#...)....###.# #
#...##......# #.# # #..
..#.#### #.# # .# #....#
#.# # #...## #.# # .##.
#.# # o. #.# #


You could see a worm and an orc.

Vanquished Creatures
  Jessica (D:3)
  3 worms
  A dart slug (D:3)
  4 orcs (D:3)
  3 ball pythons
  2 bats (D:2)
  5 endoplasms
  2 goblins (D:1)
  A hobgoblin (D:1)
  3 kobolds
  A quokka (D:2)
  2 frilled lizards
28 creatures vanquished.

Vanquished Creatures (collateral kills)
  A dart slug (D:2)
  2 endoplasms (D:1)
  A giant cockroach (D:2)
  2 goblins (D:2)
  3 hobgoblins (D:2)
  2 bats (D:2)
  3 rats
14 creatures vanquished.

Grand Total: 42 creatures vanquished

Notes
Turn   | Place    | Note
-------+----------+-------------------------------------------
     0 | D:1      | qw the Ghoul Summoner began the quest for the Orb.
     0 | D:1      | Reached XP level 1. HP: 14/14 MP: 2/2
     0 | D:1      | 0 ||| qw: Version: 0.1-a-116-g5d60599
     0 | D:1      | 0 ||| qw: Game counter: 7475
     0 | D:1      | 0 ||| qw: Always use a shield: true
     0 | D:1      | 0 ||| qw: God list: Okawaru
     0 | D:1      | 0 ||| qw: Allow faded altars: false
     0 | D:1      | 0 ||| qw: Do Orc after D:15 true
     0 | D:1      | 0 ||| qw: Do second Lair branch before Depths: true
     0 | D:1      | 0 ||| qw: Lair rune preference: random
     0 | D:1      | 0 ||| qw: Plans: Normal
     0 | D:1      | 0 ||| PLANNING D:1-11
    56 | D:1      | 56 ||| CASTING Summon Small Mammal
    57 | D:1      | 57 ||| CASTING Summon Small Mammal
    89 | D:1      | 89 ||| Wielding weapon +0 dagger.
   106 | D:1      | 106 ||| CASTING Summon Small Mammal
   107 | D:1      | 107 ||| CASTING Summon Small Mammal
   119 | D:1      | 119 ||| CASTING Summon Small Mammal
   124 | D:1      | Reached skill level 1 in Axes
   156 | D:1      | 156 ||| CASTING Summon Small Mammal
   157 | D:1      | 157 ||| CASTING Summon Small Mammal
   168 | D:1      | 168 ||| CASTING Summon Small Mammal
   370 | D:1      | 370 ||| SWAPPING to +0 rapier.
   371 | D:1      | 371 ||| CASTING Summon Small Mammal
   372 | D:1      | 372 ||| CASTING Summon Small Mammal
   381 | D:1      | Reached XP level 2. HP: 18/22 MP: 0/3
   431 | D:1      | 431 ||| DROPPING +0 dagger.
   448 | D:1      | 448 ||| CASTING Summon Small Mammal
   449 | D:1      | 449 ||| CASTING Summon Small Mammal
   450 | D:1      | 450 ||| CASTING Summon Small Mammal
   460 | D:1      | Reached skill level 1 in Fighting
   514 | D:1      | 514 ||| CASTING Summon Small Mammal
   515 | D:1      | 515 ||| CASTING Summon Small Mammal
   516 | D:1      | 516 ||| CASTING Summon Small Mammal
   553 | D:1      | 553 ||| CASTING Summon Small Mammal
   554 | D:1      | 554 ||| CASTING Summon Small Mammal
   555 | D:1      | 555 ||| CASTING Summon Small Mammal
   618 | D:1      | 618 ||| CASTING Summon Small Mammal
   619 | D:1      | 619 ||| CASTING Summon Small Mammal
   620 | D:1      | 620 ||| CASTING Summon Small Mammal
   656 | D:1      | 656 ||| CASTING Summon Small Mammal
   657 | D:1      | 657 ||| CASTING Summon Small Mammal
   658 | D:1      | 658 ||| CASTING Summon Small Mammal
   702 | D:1      | 702 ||| CASTING Summon Small Mammal
   703 | D:1      | 703 ||| CASTING Summon Small Mammal
   704 | D:1      | 704 ||| CASTING Summon Small Mammal
   808 | D:1      | 808 ||| READING scroll labelled UZXEPEMUONG.
   811 | D:1      | 811 ||| READING scroll labelled DOAFFYWOOL.
   812 | D:1      | 812 ||| READING scroll labelled NEVEIB CEENNIUTIA.
   813 | D:1      | 813 ||| DROPPING potion of magic.
   852 | D:2      | 852 ||| Stepping ~*~*~tactically~*~*~ (hiding).
   954 | D:2      | 954 ||| Stepping ~*~*~tactically~*~*~ (hiding).
  1031 | D:2      | 1031 ||| CASTING Summon Small Mammal
  1032 | D:2      | 1032 ||| CASTING Summon Small Mammal
  1033 | D:2      | 1033 ||| CASTING Summon Small Mammal
  1122 | D:2      | 1122 ||| CASTING Summon Small Mammal
  1123 | D:2      | 1123 ||| CASTING Summon Small Mammal
  1124 | D:2      | 1124 ||| CASTING Summon Small Mammal
  1160 | D:2      | 1160 ||| CASTING Summon Small Mammal
  1161 | D:2      | 1161 ||| CASTING Summon Small Mammal
  1162 | D:2      | 1162 ||| CASTING Summon Small Mammal
  1198 | D:2      | 1198 ||| CASTING Summon Small Mammal
  1199 | D:2      | 1199 ||| CASTING Summon Small Mammal
  1200 | D:2      | 1200 ||| CASTING Summon Small Mammal
  1340 | D:2      | 1340 ||| CASTING Summon Small Mammal
  1341 | D:2      | 1341 ||| CASTING Summon Small Mammal
  1342 | D:2      | 1342 ||| CASTING Summon Small Mammal
  1403 | D:2      | 1403 ||| CASTING Summon Small Mammal
  1404 | D:2      | 1404 ||| CASTING Summon Small Mammal
  1405 | D:2      | 1405 ||| CASTING Summon Small Mammal
  1414 | D:2      | Reached XP level 3. HP: 28/28 MP: 0/4
  1456 | D:2      | 1456 ||| CASTING Summon Small Mammal
  1457 | D:2      | 1457 ||| CASTING Summon Small Mammal
  1459 | D:2      | 1459 ||| CASTING Summon Small Mammal
  1460 | D:2      | 1460 ||| CASTING Summon Small Mammal
  1467 | D:2      | 1467 ||| CASTING Summon Small Mammal
  1551 | D:2      | Found a faded altar of an unknown god.
  1552 | D:2      | 1552 ||| CASTING Summon Small Mammal
  1553 | D:2      | 1553 ||| CASTING Summon Small Mammal
  1554 | D:2      | 1554 ||| CASTING Summon Small Mammal
  1555 | D:2      | 1555 ||| CASTING Summon Small Mammal
  1597 | D:2      | 1597 ||| CASTING Summon Small Mammal
  1598 | D:2      | 1598 ||| CASTING Summon Small Mammal
  1599 | D:2      | 1599 ||| CASTING Summon Small Mammal
  1600 | D:2      | 1600 ||| CASTING Summon Small Mammal
  1642 | D:2      | 1642 ||| CASTING Summon Small Mammal
  1643 | D:2      | 1643 ||| CASTING Summon Small Mammal
  1644 | D:2      | 1644 ||| CASTING Summon Small Mammal
  1645 | D:2      | 1645 ||| CASTING Summon Small Mammal
  1689 | D:2      | 1689 ||| CASTING Summon Small Mammal
  1690 | D:2      | 1690 ||| CASTING Summon Small Mammal
  1691 | D:2      | 1691 ||| CASTING Summon Small Mammal
  1692 | D:2      | 1692 ||| CASTING Summon Small Mammal
  1744 | D:2      | 1744 ||| CASTING Summon Small Mammal
  1745 | D:2      | 1745 ||| CASTING Summon Small Mammal
  1746 | D:2      | 1746 ||| CASTING Summon Small Mammal
  1747 | D:2      | 1747 ||| CASTING Summon Small Mammal
  1754 | D:2      | 1754 ||| CASTING Summon Small Mammal
  1881 | D:2      | 1881 ||| CASTING Summon Small Mammal
  1882 | D:2      | 1882 ||| CASTING Summon Small Mammal
  1883 | D:2      | 1883 ||| CASTING Summon Small Mammal
  1884 | D:2      | 1884 ||| CASTING Summon Small Mammal
  1973 | D:2      | 1973 ||| CASTING Summon Small Mammal
  1974 | D:2      | 1974 ||| CASTING Summon Small Mammal
  1975 | D:2      | 1975 ||| CASTING Summon Small Mammal
  1976 | D:2      | 1976 ||| CASTING Summon Small Mammal
  1984 | D:2      | 1984 ||| CASTING Summon Small Mammal
  1993 | D:2      | 1993 ||| CASTING Summon Small Mammal
  2100 | D:2      | 2100 ||| CASTING Summon Small Mammal
  2101 | D:2      | 2101 ||| CASTING Summon Small Mammal
  2102 | D:2      | 2102 ||| CASTING Summon Small Mammal
  2103 | D:2      | 2103 ||| CASTING Summon Small Mammal
  2110 | D:2      | 2110 ||| CASTING Summon Small Mammal
  2196 | D:2      | 2196 ||| CASTING Summon Small Mammal
  2197 | D:2      | 2197 ||| CASTING Summon Small Mammal
  2198 | D:2      | 2198 ||| CASTING Summon Small Mammal
  2199 | D:2      | 2199 ||| CASTING Summon Small Mammal
  2264 | D:2      | 2264 ||| CASTING Summon Small Mammal
  2265 | D:2      | 2265 ||| CASTING Summon Small Mammal
  2266 | D:2      | 2266 ||| CASTING Summon Small Mammal
  2267 | D:2      | 2267 ||| CASTING Summon Small Mammal
  2275 | D:2      | 2275 ||| CASTING Summon Small Mammal
  2286 | D:2      | 2286 ||| CASTING Summon Small Mammal
  2334 | D:2      | 2334 ||| CASTING Summon Small Mammal
  2335 | D:2      | 2335 ||| CASTING Summon Small Mammal
  2336 | D:2      | 2336 ||| CASTING Summon Small Mammal
  2337 | D:2      | 2337 ||| CASTING Summon Small Mammal
  2345 | D:2      | 2345 ||| CASTING Summon Small Mammal
  2355 | D:2      | 2355 ||| CASTING Summon Small Mammal
  2437 | D:2      | 2437 ||| DROPPING orb of energy.
  2438 | D:2      | 2438 ||| UPGRADING to +0 ring mail.
  2448 | D:2      | 2448 ||| DROPPING +0 robe.
  2480 | D:3      | 2480 ||| CASTING Summon Small Mammal
  2481 | D:3      | 2481 ||| STAIRDANCE
  2483 | D:2      | 2483 ||| CASTING Summon Small Mammal
  2484 | D:2      | 2484 ||| CASTING Summon Small Mammal
  2485 | D:2      | 2485 ||| CASTING Summon Small Mammal
  2525 | D:3      | 2525 ||| CASTING Summon Small Mammal
  2526 | D:3      | 2526 ||| STAIRDANCE
  2538 | D:3      | 2538 ||| CASTING Summon Small Mammal
  2539 | D:3      | 2539 ||| STAIRDANCE
  2541 | D:2      | 2541 ||| CASTING Summon Small Mammal
  2542 | D:2      | 2542 ||| CASTING Summon Small Mammal
  2543 | D:2      | 2543 ||| CASTING Summon Small Mammal
  2610 | D:3      | 2610 ||| Stepping ~*~*~tactically~*~*~ (hiding).
  2717 | D:3      | 2717 ||| CASTING Summon Small Mammal
  2718 | D:3      | 2718 ||| CASTING Summon Small Mammal
  2719 | D:3      | 2719 ||| CASTING Summon Small Mammal
  2720 | D:3      | 2720 ||| CASTING Summon Small Mammal
  2727 | D:3      | 2727 ||| CASTING Summon Small Mammal
  2787 | D:3      | 2787 ||| CASTING Summon Small Mammal
  2788 | D:3      | 2788 ||| CASTING Summon Small Mammal
  2789 | D:3      | 2789 ||| CASTING Summon Small Mammal
  2790 | D:3      | 2790 ||| CASTING Summon Small Mammal
  2883 | D:3      | 2883 ||| CASTING Summon Small Mammal
  2884 | D:3      | 2884 ||| CASTING Summon Small Mammal
  2885 | D:3      | 2885 ||| CASTING Summon Small Mammal
  2886 | D:3      | 2886 ||| CASTING Summon Small Mammal
  2889 | D:3      | 2889 ||| Stepping ~*~*~tactically~*~*~ (stealth).
  2894 | D:3      | 2894 ||| CASTING Summon Small Mammal
  2897 | D:3      | 2897 ||| Stepping ~*~*~tactically~*~*~ (outnumbered).
  2904 | D:3      | 2904 ||| CASTING Summon Small Mammal
  2914 | D:3      | 2914 ||| CASTING Summon Small Mammal
  3056 | D:3      | 3056 ||| SWAPPING to +0 hand axe.
  3057 | D:3      | 3057 ||| DROPPING +1 rapier.
  3059 | D:3      | Noticed Jessica
  3064 | D:3      | 3064 ||| CASTING Summon Small Mammal
  3071 | D:3      | 3071 ||| CASTING Summon Small Mammal
  3075 | D:3      | Killed Jessica
  3076 | D:3      | Reached XP level 4. HP: 30/36 MP: 3/5
  3131 | D:3      | 3131 ||| Stepping ~*~*~tactically~*~*~ (stealth).
  3132 | D:3      | 3132 ||| CASTING Summon Small Mammal
  3133 | D:3      | 3133 ||| CASTING Summon Small Mammal
  3134 | D:3      | 3134 ||| CASTING Summon Small Mammal
  3140 | D:3      | Reached skill level 3 in Axes
  3140 | D:3      | 3140 ||| CASTING Summon Small Mammal
  3141 | D:3      | 3141 ||| CASTING Summon Small Mammal
  3142 | D:3      | 3142 ||| CASTING Summon Small Mammal
  3147 | D:3      | 3147 ||| Stepping ~*~*~tactically~*~*~ (stealth).
  3150 | D:3      | HP: 7/36 [orc/+0 short sword (3)]
  3155 | D:3      | HP: 4/36 [worm (3)]
  3157 | D:3      | Slain by an orc

Levels and vault maps discovered:
D:1:      mrwooster_arrival_statue_3, layout_basic
D:2:      layout_basic, chequers_ecumenical_altar_island
D:3:      layout_loops_ring, hangedman_decor_points, uniq_jessica, uniq_terence

Skill      XL: |  1  2  3  4 |
---------------+-------------+-----
Axes           | 1 2 3 |  3.0
Fighting       | 1 2 |  2.0
Dodging        | |  1.7
Stealth        | |  2.1
Spellcasting   | |  1.7
Summonings     | |  3.6

Action                   |  1- 3 |  4- 6 || total
-------------------------+-------+-------++-------
Melee: Dagger            |    11 |       ||    11
       Rapier            |   115 |       ||   115
       Unarmed           |     1 |       ||     1
       Punch             |     1 |       ||     1
       Hand axe          |     7 |    19 ||    26
 Cast: Summon Small Mamm |   115 |     6 ||   121
  Use: Scroll            |     3 |       ||     3
Armor: Robe              |     9 |       ||     9
       Ring mail         |    19 |     8 ||    27
Dodge: Dodged            |    83 |    10 ||    93

Table legend:
 A = Non-vault XP
 B = Vault XP
 C = Vault XP percentage of total XP
 D = Non-vault monster count
 E = Vault monster count
 F = Vault count percentage of total count
                 A         B        C        D         E       F
            +---------+---------+-------+---------+---------+-------
      Total |      88 |      37 |  29.6 |      41 |       1 |   2.4
            +---------+---------+-------+---------+---------+-------
        D:1 |      18 |       0 |   0.0 |      11 |       0 |   0.0
        D:2 |      45 |       0 |   0.0 |      21 |       0 |   0.0
        D:3 |      25 |      37 |  59.7 |       9 |       1 |  10.0
            +---------+---------+-------+---------+---------+-------
